 Dungeon Crawl Stone Soup version 0.14.0-26-g1682e81 (webtiles) character file.

832 Leibowitz the Ducker (level 7, -3/66 HPs)
             Began as a Kobold Fighter on Apr 27, 2014.
             Was a Follower of Trog.
             Slain by an orc
             ... wielding a +2,+1 flail
              (6 damage)
             ... on Level 4 of the Dungeon.
             The game lasted 00:19:30 (5983 turns).

Leibowitz the Ducker (Kobold Fighter)               Turns: 5983, Time: 00:19:30

HP  -3/66        AC  4     Str 20      XL: 7   Next: 72%
MP   7/7         EV 16     Int  6      God: Trog [*.....]
Gold 222         SH 13     Dex 17      Spells:  0 memorised,  6 levels left

rFire  . . .     SeeInvis .     a - +0 cutlass
rCold  . . .     Clarity  .     f - +0 leather armour
rNeg   . . .     Conserve .     c - +1 buckler
rPois  .         rCorr    .     (no helmet)
rElec  .         rRot     .     y - +0 cloak (curse)
SustAb . .       Spirit   .     (no gloves)
rMut   .         Warding  .     (no boots)
Saprov + + .     Stasis   .     r - amulet of rage
MR     .....                    (no ring)
                                (no ring)

@: berserking, very quick, not resistant to hostile enchantments, extremely
unstealthy
A: disease resistance, carnivore 3, saprovore 2
a: Burn Spellbooks, Berserk, Renounce Religion, Evoke Berserk Rage


You were on level 4 of the Dungeon.
You worshipped Trog.
Trog was aware of your devotion.
You were not hungry.

You visited 2 branches of the dungeon, and saw 5 of its levels.

You collected 222 gold pieces.

Inventory:

Hand weapons
 a - a +0,+0 cutlass (weapon)
Missiles
 k - 38 stones (quivered)
 q - a throwing net
 w - 11 poisoned needles
Armour
 c - a +1 buckler (worn)
 f - a +0 leather armour (worn)
 y - a cursed +0 cloak (worn)
Magical devices
 i - a wand of hasting (3) {unknown}
Comestibles
 d - 5 meat rations
Scrolls
 b - a scroll of teleportation {unknown}
 e - a scroll of enchant weapon I {unknown}
 g - a scroll of noise {unknown}
 j - 2 scrolls of enchant armour
 m - a scroll of identify
 o - a scroll of recharging {unknown}
 p - a scroll of magic mapping {unknown}
 t - 3 scrolls of remove curse
 x - a scroll of fear {unknown}
 z - a scroll of blinking {unknown}
Jewellery
 r - an amulet of rage (around neck)
Potions
 h - 2 potions of curing
 l - a potion of haste
 n - a potion of beneficial mutation {unknown}
 s - a potion of lignification {unknown}
 u - a potion of might
 v - a potion of confusion {unknown}


   Skills:
 * Level 4.9 Fighting
 + Level 4.2 Short Blades
 + Level 2.8 Armour
 * Level 5.1 Dodging
 * Level 3.8 Stealth
 * Level 3.6 Shields


You had 6 spell levels left.
You didn't know any spells.

Dungeon Overview and Level Annotations

Branches:
Dungeon (4/15)             Temple (1/1) D:4

Altars:
Ashenzari
Cheibriados
Dithmenos
Elyvilon
Makhleb
Nemelex Xobeh
Okawaru
Trog
Vehumet
Xom
Yredelemnul
Zin
The Shining One

Shops:
D:4 :


Innate Abilities, Weirdness & Mutations

You recuperate from illness quickly.
You are small and have problems with some larger weapons.
You are carnivorous and can eat meat at any time.
You can eat rotten meat.


Message History

The orc wizard flickers and vanishes!
You closely miss something. Something hits you.
* * * LOW HITPOINT WARNING * * *
Use which ability? (? or * to list)
A red film seems to cover your vision as you go berserk!
You feel yourself moving faster!
You feel mighty!
You feel somewhat more hungry. Something hits you.
* * * LOW HITPOINT WARNING * * *
You closely miss something. You miss something.
Something hits you but does no damage. The orc misses you.
You closely miss something.
You hear some strange, mumbled words.
The puff of frost hits you!
* * * LOW HITPOINT WARNING * * *
You slash something! Trog accepts your kill.
Trog appreciates your killing of a magic user.
Reactivating autopickup.
You feel a bit more experienced. The orc hits you with a flail.
You die...

#..#..##....########.............
.................................
...(.............................
.................................
.......................<.........
.................................
.................................
.......)........o)...............
................@###.............
.................#%##............
.................##.#............
≈≈≈≈..............##.............
###≈#.###########....)##..#######
#_#≈#.# ##...#)##.# #'#≈#.#
##..##(#.# ≈.≈≈#.# ##..###.#
#.....# ##.....#


You could see an orc.

Vanquished Creatures
  Menkaure (D:4)
  A phantom (D:4)
  Sigmund (D:2)
  An orc priest (D:3)
  A centaur skeleton (D:4)
  2 orc wizards (D:4)
  A worker ant (D:4)
  An ogre skeleton (D:4)
  6 adders
  A gnoll (D:4)
  A worm (D:2)
  3 giant geckos
  3 oozes
  12 orcs
  A giant cockroach (D:1)
  11 goblins
  12 hobgoblins
  4 jackals
  7 quokkas
  13 bats
  4 giant newts
  10 kobolds
  10 rats
107 creatures vanquished.

Notes
Turn   | Place    | Note
--------------------------------------------------------------
     0 | D:1      | Leibowitz, the Kobold Fighter, began the quest for the Orb.
     0 | D:1      | Reached XP level 1. HP: 14/14 MP: 1/1
   199 | D:1      | Reached XP level 2. HP: 13/19 MP: 2/2
   427 | D:1      | Reached skill level 1 in Stealth
   544 | D:1      | Reached skill level 1 in Dodging
   568 | D:1      | Reached XP level 3. HP: 23/23 MP: 3/3
  1330 | D:2      | Noticed Sigmund
  2000 | D:2      | Reached XP level 4. HP: 14/29 MP: 4/4
  2200 | D:2      | Killed Sigmund
  2200 | D:2      | Reached skill level 4 in Fighting
  2200 | D:2      | Reached XP level 5. HP: 29/33 MP: 5/5
  3556 | D:3      | Reached XP level 6. HP: 34/38 MP: 6/6
  4188 | D:4      | Noticed Menkaure
  4245 | D:4      | Found a staircase to the Ecumenical Temple.
  4528 | Temple   | Entered the Ecumenical Temple
  4577 | Temple   | Became a worshipper of Trog the Wrathful
  4633 | D:4      | Found Xurig's Book Boutique.
  5176 | D:4      | Killed Menkaure
  5176 | D:4      | Reached XP level 7. HP: 44/44 MP: 7/7
  5221 | D:4      | Found a shadowy altar of Dithmenos.
  5282 | D:4      | Acquired Trog's first power
  5575 | D:4      | Reached skill level 5 in Dodging
  5982 | D:4      | HP: 3/66 [something/puff of frost (9)]
  5983 | D:4      | Slain by an orc

Action                   |  1- 3 |  4- 6 |  7- 9 || total
-------------------------+-------+-------+-------++-------
Melee: Cutlass           |   158 |   245 |    90 ||   493
Invok: Burn Spellbooks   |       |     1 |       ||     1
       Berserk           |       |       |     2 ||     2
 Abil: Evoke Berserk Rag |       |     1 |       ||     1
  Use: Potion            |     2 |     2 |       ||     4
       Scroll            |     3 |     1 |       ||     4
 Stab: Sleeping          |       |     4 |     1 ||     5
